 Dungeon Crawl Stone Soup version 0.28.0-53-g5a82cb258f (webtiles) character file.

Game seed: 4398474057324910855

101 Zeld the Conjurer (level 4, -4/24 HPs)
             Began as a Deep Elf Conjurer on May 24, 2022.
             Slain by Robin
             ... wielding a +0 mace
              (6 damage)
             ... on level 2 of the Dungeon.
             The game lasted 00:02:25 (2275 turns).

Zeld the Conjurer (Deep Elf Conjurer)               Turns: 2275, Time: 00:02:26

Health: -4/24      AC:  2    Str:  4    XL:     4   Next: 48%
Magic:  0/12       EV: 12    Int: 25    God:
Gold:   124        SH:  0    Dex: 13    Spells: 0/11 levels left

rFire   . . .      SeeInvis .   (no weapon)
rCold   . . .      Faith    .   (no shield)
rNeg    . . .      Spirit   .   a - +0 robe
rPois   .          Reflect  .   (no helmet)
rElec   .          Harm     .   (no cloak)
rCorr   .          Rampage  .   (no gloves)
Will    .....                   (no boots)
Stlth   ++........              (no amulet)
HPRegen 0.08/turn               (no ring)
MPRegen 0.13/turn               (no ring)

@: no status effects
A: no striking features
a: no special abilities


You were on level 2 of the Dungeon.
You visited 1 branch of the dungeon, and saw 2 of its levels.

You collected 124 gold pieces.

Inventory:

Armour
 a - a +0 robe (worn)
Scrolls
 b - a scroll of amnesia {unknown}
 c - 2 scrolls of enchant armour {unknown}
 h - a scroll of identify {unknown}
Potions
 d - a potion of might {unknown}
 e - a potion of curing {unknown}
 f - a potion of haste {unknown}
 g - a potion of resistance {unknown}


   Skills:
 - Level 2.4 Dodging
 - Level 2.4 Stealth
 * Level 4.4 Spellcasting
 * Level 5.2 Conjurations
 - Level 2.0 Hexes
 + Level 1.6 Translocations


You couldn't memorise any spells.
You knew the following spells:

 Your Spells              Type           Power      Damage    Failure   Level
a - Magic Dart            Conj           100%       1d8       1%          1
b - Searing Ray           Conj           62%        2d6       1%          2
c - Fulminant Prism       Conj/Hex       11%        3d9       21%         4
d - Iskenderun's Mystic   Conj/Tloc      22%        2d6       22%         4

Your spell library contained the following spells:

 Spells                   Type           Power      Damage    Failure   Level
 Apportation              Tloc           26%        N/A       4%          1
 Dazzling Flash           Conj/Hex       46%        N/A       6%          3
 Animate Skeleton         Necr           10%        N/A       9%          1
 Summon Small Mammal      Summ           20%        N/A       9%          1


Dungeon Overview and Level Annotations

Branches:
Dungeon (2/15)

Altars:

Shops:
D:2 (

Annotations:
D:2 Robin


Message History

(Press . to maintain the ray.) Robin barely misses you.
The goblin hits you with a +0 dagger.
The searing ray hits Robin.
Robin is moderately wounded.
Robin hits you with a +0 mace. The goblin closely misses you.
Unknown command.
The searing ray hits Robin.
Robin is heavily wounded.
Robin says, "Duck!"
Robin closely misses you. The goblin closely misses you.
Unknown command.
The searing ray hits Robin.
Robin is severely wounded.
You finish channelling your searing ray.
Robin hits you but does no damage. The goblin hits you with a +0 dagger.
Unknown command.
Unknown command.
Casting: Searing Ray (safe; 1% risk of failure)
Confirm with . or Enter, or press ? or * to list all spells.
Aiming: Magic Dart (safe; 1% risk of failure)
Press: ? - help, Shift-Dir - straight line, f - Robin
Aim: Robin, wielding a +0 mace, wearing a +0 animal skin and wearing a +0 helmet of see invisible (severely wounded, 100% to hit)
The magic dart hits Robin but does no damage.
Robin is severely wounded.
Robin roars a battlecry!
The goblin goes into a battle-frenzy!
The goblin closely misses you.
Unknown command.
You closely miss Robin.
Robin is severely wounded.
Robin hits you with a +0 mace.
* * * LOW HITPOINT WARNING * * *
The goblin hits you with a +0 dagger.
* * * LOW HITPOINT WARNING * * *
Unknown command.
Okay, then.
You hit Robin but do no damage.
Robin is severely wounded.
Robin hits you with a +0 mace.
You die... ####...# .#.##..# ..... .'..#..# #gg

... .#.##..#.# #g.
... ####...#.# #..
... .#...#.#.# #g#
#)# ##.###.#.# #g#
#)# #..###.#.# #.#
#g# .......#.# #.#
#@#
...#####.###.###g#
#............g..g#
#..#####.###.#####
#........###.###
##.............
...........#.##
##..#####....#
.##.# #....#


You could see Robin, a hobgoblin and a goblin (strong).

Vanquished Creatures
  2 adders (D:2)
  4 dart slugs
  9 endoplasms
  2 giant cockroaches
  10 hobgoblins
  2 jackals (D:1)
  3 quokkas (D:1)
  3 ball pythons (D:1)
  8 bats
  3 frilled lizards
  14 goblins (D:2)
  7 kobolds
  2 rats (D:2)
69 creatures vanquished.

Notes
Turn   | Place    | Note
-------+----------+-------------------------------------------
     0 | D:1      | Zeld the Deep Elf Conjurer began the quest for the Orb.
     0 | D:1      | Reached XP level 1. HP: 10/10 MP: 6/6
   188 | D:1      | Reached XP level 2. HP: 15/15 MP: 5/8
   191 | D:1      | Learned a level 2 spell: Searing Ray
   222 | D:1      | Reached skill level 1 in Hexes
   569 | D:1      | Reached XP level 3. HP: 19/19 MP: 8/10
   697 | D:1      | Reached skill level 1 in Translocations
  1107 | D:2      | Found a faded altar of an unknown god.
  1136 | D:2      | Found Buicua's Weapon Emporium.
  1226 | D:2      | Reached skill level 5 in Conjurations
  1500 | D:2      | Reached XP level 4. HP: 13/24 MP: 6/12
  1691 | D:2      | Learned a level 4 spell: Fulminant Prism
  1696 | D:2      | Learned a level 4 spell: Iskenderun's Mystic Blast
  2255 | D:2      | Noticed Robin
  2275 | D:2      | Slain by Robin

Illustrated notes

Levels and vault maps discovered:
D:1:      wander_arrival_abandoned_jail, layout_rooms
D:2:      cheibrodos_greedy_goblins, layout_basic, serial_shops,
          nicolae_shop_behind_doors, hellmonk_ecumenical_altar_leap_of_faith,
          uniq_robin

Skill      XL: |  1  2  3  4 |
---------------+-------------+-----
Hexes          | 1 2 |  2.0
Translocations | 1 |  1.6
Spellcasting   | 4 |  4.4
Conjurations   | 5 |  5.2
Dodging        | |  2.4
Stealth        | |  2.4

Action                   |  1- 3 |  4- 6 || total
-------------------------+-------+-------++-------
Melee: Unarmed           |       |     4 ||     4
 Cast: Magic Dart        |    90 |    10 ||   100
       Searing Ray       |       |     8 ||     8
Armor: Robe              |     5 |     5 ||    10
Dodge: Dodged            |    10 |     7 ||    17
